 Dungeon Crawl Stone Soup version 0.27-a0-1196-g3e9cee4cb2 (webtiles) character file.

Game seed: 14641239497865033258

47 Shayle the Sneak (level 3, -1/24 HPs)
             Began as a Demonspawn Enchanter on May 28, 2021.
             Slain by an adder (3 damage)
             ... on level 2 of the Dungeon.
             The game lasted 00:05:08 (1664 turns).

Shayle the Sneak (Demonspawn Enchanter)             Turns: 1664, Time: 00:05:09

Health: -1/24      AC:  2    Str:  8    XL:     3   Next: 48%
Magic:  4/6        EV: 12    Int: 17    God:
Gold:   39         SH:  3    Dex: 13    Spells: 5/6 levels left

rFire    . . .     SeeInvis .   a - +2 dagger
rCold    . . .     Faith    .   f - +0 buckler
rNeg     . . .     Spirit   .   b - +0 robe
rPois    .         Reflect  .   (helmet restricted)
rElec    .         Harm     .   (no cloak)
rCorr    .         Rampage  .   (no gloves)
Will     .....                  (no boots)
Stlth    ++........             (no amulet)
HPRegen  0.08/turn              (no ring)
MPRegen  0.10/turn              (no ring)

@: lethally poisoned (-1 -> -3)
A: horns 1
a: no special abilities


You were on level 2 of the Dungeon.
You visited 1 branch of the dungeon, and saw 2 of its levels.

You collected 39 gold pieces.

Inventory:

Hand Weapons
 a - a +2 dagger (weapon)
Missiles
 e - 9 poisoned darts (quivered)
Armour
 b - a +0 robe (worn)
 f - a +0 buckler (worn)
Scrolls
 c - a scroll of blinking {unknown}
Potions
 g - a potion of flight {unknown}
 h - a potion of attraction {unknown}


   Skills:
 - Level 0.8 Short Blades
 + Level 2.8 Dodging
 + Level 3.6 Stealth
 - Level 2.0 Spellcasting
 - Level 3.0 Hexes


You had 5 spell levels left.
You knew the following spells:

 Your Spells              Type           Power      Damage    Failure   Level
a - Corona                Hex            12%        N/A       10%         1

Your spell library contained the following spells:

 Spells                   Type           Power      Damage    Failure   Level
 Ensorcelled Hibernation  Hex/Ice        12%        N/A       26%         2
 Confusing Touch          Hex            11%        N/A       28%         3
 Tukima's Dance           Hex            11%        N/A       28%         3
 Dazzling Flash           Conj/Hex       12%        N/A       45%         3


Dungeon Overview and Level Annotations

Branches:
Dungeon (2/15)

Altars:
Xom


Innate Abilities, Weirdness & Mutations

You have a pair of small horns on your head.


Message History

The adder bites you.
You miss the adder. Your headbutt misses the adder.
The adder is severely wounded.
The adder barely misses you.
You hit the adder. Your headbutt misses the adder.
The adder is severely wounded.
The adder barely misses you. The adder bites you.
You closely miss the adder. Your headbutt misses the adder.
The adder is severely wounded.
The adder bites you but does no damage.
Casting: Corona (safe; 10% risk of failure)
Confirm with . or Enter, or press ? or * to list all spells.
Aiming: Corona (safe; 10% risk of failure)
Press: ? - help, Shift-Dir - straight line, f/p - adder
Aim: an adder (severely wounded, chance to affect: 55%)
The adder struggles to resist.
You block the adder's attack.
You hit the adder but do no damage.
The adder is severely wounded.
The adder bites you. x2
You are poisoned.
The adder poisons you!
Casting: Corona (safe; 10% risk of failure)
Confirm with . or Enter, or press ? or * to list all spells.
Aiming: Corona (safe; 10% risk of failure)
Press: ? - help, Shift-Dir - straight line, f/p - adder
Aim: an adder (severely wounded, chance to affect: 55%)
The adder struggles to resist.
You feel sick. The adder bites you.
* * * LOW HITPOINT WARNING * * *
Unknown command.
You barely miss the adder.
The adder is severely wounded.
You feel sick. The adder bites you.
* * * LOW HITPOINT WARNING * * *
Unknown command.
You miss the adder. Your headbutt misses the adder.
The adder is severely wounded.
You feel sick. The adder bites you.
* * * LOW HITPOINT WARNING * * *
The adder bites you.
You die...

###)# #. .##.#
#. ....# # ##
.##.# #. .##.#
#####. .#...
......# .#..##
....w .....
##..########
##..#
#....S@....#
#..#
##..######.#
#..
#.############
...S
#.............
.....
#.#########...
####.. #.# #.##
#.# # #.# #.#
#.
#.#.#########.#
#.#.##........#


You could see an adder.

Vanquished Creatures
  An adder (D:2)
  A giant cockroach (D:2)
  3 goblins (D:1)
  3 hobgoblins
  3 jackals (D:1)
  6 kobolds
  2 quokkas
  5 ball pythons
  4 bats
  5 frilled lizards
  4 rats
37 creatures vanquished.

Notes
Turn   | Place    | Note
-------+----------+-------------------------------------------
     0 | D:1      | Shayle the Demonspawn Enchanter began the quest for the
                  | Orb.
     0 | D:1      | Reached XP level 1. HP: 13/13 MP: 3/3
   322 | D:1      | Gained mutation: You have a pair of small horns on your
                  | head. [demonic ancestry]
   322 | D:1      | Reached XP level 2. HP: 7/19 MP: 5/5
   933 | D:2      | Found a shimmering altar of Xom.
  1192 | D:2      | Reached XP level 3. HP: 16/24 MP: 6/6
  1664 | D:2      | Slain by an adder

Illustrated notes

Levels and vault maps discovered:
D:1:      wander_arrival_lonely_grave, layout_rooms, grunt_decor_resistance,
          minmay_tree_intersection
D:2:      layout_loops_ring, basic_altar, minmay_misc_feat_more_columns

Skill      XL: |  1 |
---------------+----+-----
Dodging        | 2 |  2.8
Stealth        | 3 |  3.6
Short Blades   | |  0.8
Spellcasting   | |  2.0
Hexes          | |  3.0

Action                   || total
-------------------------++-------
Melee: Dagger            ||    93
       Headbutt          ||     7
Throw: Boomerang         ||    37
       Dart              ||    18
 Cast: Corona            ||     4
  Use: Scroll            ||     2
 Stab: Sleeping          ||     3
Armor: Robe              ||    20
Dodge: Dodged            ||    52
Block: Buckler           ||     6

Table legend: (Time is in decaauts)
 A = Elapsed time spent in this place.
 B = Non-inter-level travel time spent in this place.
 C = Inter-level travel time spent in this place.
 D = Time resting spent in this place.
 E = Time spent auto-exploring this place.
 F = Levels seen in this place.
 G = Mean time per level.
                   A        B        C        D        E       F      G
               +--------+--------+--------+--------+--------+-----+--------+
         Total |   1679 |   1654 |     25 |    592 |    691 |   2 |  839.5 |
       Dungeon |   1679 |   1654 |     25 |    592 |    691 |   2 |  839.5 |
               +--------+--------+--------+--------+--------+-----+--------+

Top non-repeatable levels by time:
     D:1: 898 daAuts
     D:2: 780 daAuts
